 Dungeon Crawl Stone Soup version 0.19.1-28-ge1247f7 (webtiles) character file.

4592 TuxedoFelix the Carver (level 10, -3/88 HPs)
             Began as a Minotaur Fighter on Jan 21, 2017.
             Slain by an orc warrior
             ... wielding a +0 dire flail
              (11 damage)
             ... on level 8 of the Dungeon.
             The game lasted 00:47:57 (7955 turns).

TuxedoFelix the Carver (Minotaur Fighter)           Turns: 7955, Time: 00:47:57

Health: -3/88      AC: 15    Str: 25    XL:     10   Next: 18%
Magic:  18/18      EV:  7    Int:  5    God:
Gold:   424        SH: 12    Dex: 12    Spells: 0 memorised, 9 levels left

rFire  . . .     SeeInvis .     a - +2 long sword
rCold  . . .     Gourm    .     z - +0 plate armour
rNeg   . . .     Faith    .     c - +0 shield
rPois  .         Spirit   .     (helmet restricted)
rElec  .         Reflect  .     (no cloak)
rCorr  .         Harm     .     (no gloves)
MR     .....                    i - +0 pair of boots
Stlth  ..........               (no amulet)
                                h - ring of magical power
                                o - +3 ring of dexterity

@: no status effects
A: retaliatory headbutt, horns 2
a: no special abilities


You were on level 8 of the Dungeon.
You were not hungry.

You visited 1 branch of the dungeon, and saw 8 of its levels.

You collected 424 gold pieces.

Inventory:

Hand Weapons
 a - a +2 long sword (weapon)
 B - a +0 scimitar
Missiles
 l - 6 tomahawks
 s - 2 tomahawks of returning
 D - 2 throwing nets (quivered)
Armour
 c - a +0 shield (worn)
 i - a +0 pair of boots (worn)
 z - a +0 plate armour (worn)
 I - a +0 pair of gloves
Jewellery
 h - a ring of magical power (right hand)
 o - a +3 ring of dexterity (left hand)
 C - a +3 ring of protection {unknown}
Wands
 d - a wand of polymorph (11/24)
 t - a wand of acid (5/15)
 y - a wand of paralysis (8/24)
 H - a wand of lightning (8/15)
 J - a wand of enslavement (10/24)
Scrolls
 b - a scroll of immolation {unknown}
 e - a scroll of fog {unknown}
 j - a scroll of fear {unknown}
 k - a scroll of enchant armour {unknown}
 m - a scroll of magic mapping {unknown}
 p - 2 scrolls of remove curse
 q - 2 scrolls of amnesia
 r - a scroll of recharging
 v - a scroll of noise {unknown}
 E - a scroll of identify
Potions
 n - a potion of heal wounds {unknown}
 w - a potion of magic
 x - 2 potions of brilliance
 A - a potion of flight {unknown}
 F - a potion of berserk rage {unknown}
 G - 2 potions of might
Comestibles
 f - 5 bread rations
 g - 2 chunks of flesh
 u - 7 beef jerkies


   Skills:
 + Level 8.0 Fighting
 + Level 11.1 Long Blades
 + Level 0.4 Throwing
 + Level 8.3 Armour
 + Level 2.3 Dodging
 + Level 2.1 Stealth
 + Level 9.2 Shields


You had 9 spell levels left.
You didn't know any spells.

Dungeon Overview and Level Annotations

Branches:
Dungeon (8/15)             Temple (0/1) D:6
   Lair: D:8-11

Altars:
Kikubaaqudgha
Trog
Uskayaw
Vehumet
Zin


Innate Abilities, Weirdness & Mutations

You reflexively headbutt those who attack you in melee.
You have a pair of horns on your head.


Message History

* * * LOW HITPOINT WARNING * * *
Zapping:
J - a wand of enslavement (will waste charges)
Press: ? - help, Shift-Dir - straight line, f - orc warrior
Aim: an orc warrior, wielding a flail and wearing a plate armour (almost dead, chance to defeat MR: 46%)
The orc warrior is charmed.
Evoking this partially-identified wand wasted a few charges.
The orc warrior hits you from afar with a halberd.
* * * LOW HITPOINT WARNING * * *
You block the orc warrior's attack.
You hit the orc warrior. Your headbutt misses the orc warrior.
The orc warrior is almost dead.
The orc warrior closely misses your orc warrior.
You block the orc warrior's attack. The orc warrior completely misses you.
You furiously retaliate!
You headbutt the orc warrior!
Your orc warrior hits the orc warrior with a flail.
The orc warrior dies!
Your orc warrior looks more experienced.
Your orc warrior hits the orc warrior but does no damage.
The orc warrior hits you with a dire flail!
You die...

#...##...# ##### ###.....##
####ooooo# ##....#
#..#o.ooo## ###.....##
#.oo.oooo#.### # #........#
#.o# #...## # #........##
#oo# #....# ## #.........#
#..#######....# ###.
#.........##
##oo..........###...
#..........#
#.@..........##..##
#..........##
#............#..##
#...........#
##.............##
##..........##
#........[....# #>.8........#
#.............# #...........#
##............#
##..........####.....#......#
#...........##...####......#
#.......[)......## ##.....#


You could see 2 orc warriors, 3 orcs and a friendly orc warrior.

Vanquished Creatures
  The ghost of dscm the Sneak, a novice OpEE of Uskayaw (D:6)
  Pikel (D:5)
  Prince Ribbit (D:6)
  A hippogriff (D:8)
  Eustachio (D:6)
  Menkaure (D:5)
  A slave (D:5)
  2 ice beasts
  3 ogres
  2 phantoms
  An orc warrior (D:8)
  4 centaurs
  2 crocodiles (D:8)
  2 bullfrogs (D:8)
  A scorpion (D:8)
  5 killer bees (D:8)
  4 howler monkeys
  4 crimson imps
  5 hounds
  3 jellies
  4 orc priests
  10 orc wizards
  Jessica (D:3)
  An iguana (D:4)
  6 worker ants
  A hound zombie (D:8)
  4 gnolls (D:5)
  2 worker ant zombies
  13 adders
  A shadow imp (D:6)
  An ooze (D:2)
  A worm (D:2)
  A dart slug (D:2)
  2 leopard geckos
  30 orcs
  5 giant cockroaches
  6 goblins
  6 hobgoblins
  6 jackals (D:4)
  4 kobolds
  4 quokkas
  2 ball pythons
  5 bats
  2 frilled lizards (D:1)
  6 rats
169 creatures vanquished.

Vanquished Creatures (collateral kills)
  An orc warrior (D:8)
1 creature vanquished.

Vanquished Creatures (others)
  3 slaves (D:5)
  A human (D:2)
  A bullfrog skeleton (D:5)
  An orc wizard (D:5)
  An orc (D:5)
  A ball python (D:5)
8 creatures vanquished.

Grand Total: 178 creatures vanquished

Notes
Turn   | Place    | Note
-------+----------+-------------------------------------------
     0 | D:1      | TuxedoFelix the Minotaur Fighter began the quest for the Orb.
     0 | D:1      | Reached XP level 1. HP: 19/19 MP: 0/0
   176 | D:1      | Reached XP level 2. HP: 26/27 MP: 1/1
   875 | D:2      | Reached XP level 3. HP: 32/33 MP: 2/2
   914 | D:2      | Reached skill level 3 in Long Blades
   967 | D:2      | Found an ancient bone altar of Kikubaaqudgha.
   969 | D:2      | Noticed a human
   971 | D:2      | Killed a human
  1276 | D:2      | Reached XP level 4. HP: 30/40 MP: 3/3
  1739 | D:3      | Noticed Jessica
  1756 | D:3      | Reached skill level 4 in Long Blades
  1769 | D:3      | Killed Jessica
  1769 | D:3      | Reached XP level 5. HP: 23/47 MP: 4/4
  1982 | D:3      | You fall through a shaft!
  1996 | D:4      | Reached skill level 1 in Dodging
  2055 | D:4      | Reached skill level 5 in Long Blades
  2302 | D:4      | Noticed a phantom
  2328 | D:4      | Reached XP level 6. HP: 38/53 MP: 5/5
  2431 | D:4      | Reached skill level 5 in Shields
  2592 | D:4      | Reached skill level 5 in Fighting
  2592 | D:4      | Reached skill level 5 in Armour
  2875 | D:4      | Reached XP level 7. HP: 59/61 MP: 6/6
  2919 | D:5      | Entered Level 5 of the Dungeon
  3027 | D:5      | Reached skill level 6 in Long Blades
  3063 | D:5      | Found a bloodstained altar of Trog.
  3104 | D:5      | Noticed Pikel
  3121 | D:5      | Killed Pikel
  3121 | D:5      | Reached skill level 7 in Long Blades
  3121 | D:5      | Reached skill level 1 in Stealth
  3121 | D:5      | Reached XP level 8. HP: 42/68 MP: 7/7
  3736 | D:5      | Noticed Menkaure
  3740 | D:5      | Killed Menkaure
  3740 | D:5      | Reached skill level 8 in Long Blades
  4255 | D:5      | Found a hide-covered altar of Uskayaw.
  4828 | D:6      | Noticed dscm's ghost (novice OpEE)
  4849 | D:6      | Killed dscm's ghost
  4849 | D:6      | Reached skill level 9 in Long Blades
  4849 | D:6      | Reached XP level 9. HP: 72/78 MP: 8/8
  4968 | D:6      | Found a radiant altar of Vehumet.
  4969 | D:6      | Found a glowing silver altar of Zin.
  5394 | D:6      | Found a staircase to the Ecumenical Temple.
  5494 | D:6      | Noticed Prince Ribbit
  5540 | D:6      | Killed Prince Ribbit
  5917 | D:6      | Noticed Eustachio
  5929 | D:6      | Killed Eustachio
  5929 | D:6      | Reached skill level 10 in Long Blades
  7598 | D:8      | Reached XP level 10. HP: 86/88 MP: 9/9
  7868 | D:8      | Reached skill level 11 in Long Blades
  7955 | D:8      | Slain by an orc warrior

Skill      XL: |  1  2  3  4  5  6  7  8  9 10 |
---------------+-------------------------------+-----
Shields        | 4 5 6 7 8 9 |  9.2
Fighting       | 4 5 6 7 8 |  8.0
Armour         | 4 5 6 7 8 |  8.3
Long Blades    | 3 4 5 7 9 10 11 | 11.1
Dodging        | 1 2 |  2.3
Stealth        | 1 2 |  2.1
Throwing       | |  0.4

Action                   |  1- 3 |  4- 6 |  7- 9 | 10-12 || total
-------------------------+-------+-------+-------+-------++-------
Melee: Long sword        |    81 |    94 |   320 |    60 ||   555
       Headbutt          |    12 |    28 |    54 |    17 ||   111
Throw: Tomahawk          |       |       |     2 |       ||     2
Evoke: Wand              |       |       |     2 |     1 ||     3
  Use: Scroll            |       |     6 |     9 |       ||    15
       Potion            |       |     2 |     6 |       ||     8
 Stab: Paralysed         |       |       |     3 |       ||     3
  Eat: Chunk             |       |     2 |     6 |       ||     8
       Bread ration      |       |     1 |     2 |       ||     3
       Beef jerky        |       |       |     1 |       ||     1
Armor: Scale mail        |    38 |    31 |    13 |       ||    82
       Plate armour      |       |       |   126 |    21 ||   147
Dodge: Dodged            |    26 |    27 |    54 |    13 ||   120
Block: Shield            |    42 |    43 |   141 |    35 ||   261
       Rpst.: Long sword |     2 |     4 |    10 |     5 ||    21
